 Dungeon Crawl Stone Soup version 0.31-a0-4-gefa6de2278 (webtiles) character file.

Game seed: 5295548974971792800

10712 ders the Destroyer (level 11, -2/54 HPs)
             Began as a Gargoyle Earth Elementalist on May 4, 2023.
             Was a Priest of Vehumet.
             Slain by an elephant (8 damage)
             ... on level 2 of the Lair of Beasts.
             The game lasted 00:13:30 (11590 turns).

ders the Destroyer (Gargoyle Earth Elementalist)   Turns: 11590, Time: 00:13:30

Health: -2/54      AC: 13    Str: 12    XL:     11   Next: 66%
Magic:  7/24       EV: 11    Int: 20    God:    Vehumet [***...]
Gold:   792        SH:  0    Dex: 10    Spells: 17/28 levels left

rFire   + . .        c - +0 spear (freeze)
rCold   . . .        (no shield)
rNeg    + . .        a - +0 robe
rPois   ∞            o - +2 helmet
rElec   +            (no cloak)
rCorr   .            (no gloves)
SInv    .            (no boots)
Will    .....        e - amulet of the acrobat
Stlth   ++           h - ring of wizardry
HPRegen 0.29/turn    m - ring of protection from fire
MPRegen 0.19/turn

%: acrobat, wizardry (x1)
@: no status effects
A: sickness immunity, AC +8, negative energy resistance 1, electricity
resistance, torment resistance 1, petrification resistance
a: Renounce Religion


You were on level 2 of the Lair of Beasts.
You worshipped Vehumet.
Vehumet was most pleased with you.
You visited 3 branches of the dungeon, and saw 11 of its levels.

You collected 792 gold pieces.

Inventory:

Hand Weapons
 c - a +0 spear of freezing (weapon)
Missiles
 w - 5 throwing nets
Armour
 a - a +0 robe (worn)
 o - a +2 helmet (worn)
Jewellery
 e - an amulet of the acrobat (around neck)
 h - a ring of wizardry (left hand)
 m - a ring of protection from fire (right hand)
 r - a ring of ice
 G - an amulet of guardian spirit
 H - a ring of resist corrosion
Wands
 n - a wand of iceblast (3)
 I - a wand of charming (5)
 K - a wand of flame (30)
Scrolls
 d - 2 scrolls of fog
 f - a scroll of summoning
 g - 2 scrolls of enchant weapon
 u - 4 scrolls of teleportation
 x - a scroll of magic mapping
 y - a scroll of amnesia
 A - 2 scrolls of immolation
 B - 2 scrolls of enchant armour
 C - a scroll of vulnerability
 D - 4 scrolls of identify
Potions
 b - a potion of magic
 i - 2 potions of lignification {unknown}
 j - 8 potions of curing
 k - a potion of attraction {unknown}
 l - 6 potions of heal wounds {unknown}
 p - 2 potions of cancellation {unknown}
 q - 3 potions of resistance {unknown}
 s - 3 potions of might {unknown}
 t - 3 potions of berserk rage {unknown}
 v - 2 potions of degeneration {unknown}
 z - 2 potions of flight {unknown}
 E - a potion of invisibility {unknown}
 F - 2 potions of mutation {unknown}


   Skills:
 - Level 1.5 Dodging
 - Level 2.1 Stealth
 + Level 9.2 Spellcasting
 * Level 12.8 Conjurations
 - Level 0.7 Transmutations
 + Level 12.2 Earth Magic


You had 17 spell levels left.
You knew the following spells:

 Your Spells              Type           Power      Damage    Failure   Level
a - Sandblast             Erth           100%       2d20      1%          1
b - Stone Arrow           Conj/Erth      100%       3d13      1%          3
c - Frozen Ramparts       Ice            18%        1d3       2%          3
d - Fulminant Prism       Conj/Hex       17%        3d10      1%          4

Your spell library contained the following spells:

 Spells                   Type           Power      Damage    Failure   Level
 Passwall                 Tmut/Erth      29%        N/A       1%          2
 Leda's Liquefaction      Hex/Erth       16%        N/A       2%          4
 Petrify                  Tmut/Erth      35%        N/A       2%          4
 Blink                    Tloc           18%        N/A       4%          2
 Ensorcelled Hibernation  Hex/Ice        18%        N/A       4%          2
 Spider Form              Tmut/Pois      10%        N/A       8%          3
 Call Canine Familiar     Summ           9%         N/A       9%          3
 Portal Projectile        Hex/Tloc       18%        N/A       9%          3
 Tukima's Dance           Hex            9%         N/A       9%          3
 Yara's Violent Unravell  Hex/Tmut       5%         3d4       19%         5
 Anguish                  Hex/Necr       4%         N/A       28%         4
 Manifold Assault         Tloc           9%         N/A       28%         4
 Passage of Golubria      Tloc           9%         N/A       28%         4
 Storm Form               Tmut/Air       5%         N/A       100%        7


Dungeon Overview and Level Annotations

Branches:
Dungeon (8/15)             Temple (1/1) D:5            Lair (2/5) D:8
  Swamp: Lair:2-3    Shoals: Lair:2-3     Snake: Lair:2-3    Spider: Lair:2-3

Altars:
Cheibriados
Dithmenos
Elyvilon
Fedhas
Gozag
Hepliaklqana
Kikubaaqudgha
Makhleb
Nemelex Xobeh
Okawaru
Qazlal
Ru
Sif Muna
Trog
Uskayaw
Vehumet
Wu Jian
Xom
Yredelemnul
Zin
The Shining One

Shops:
D:1 (   D:2 (


Innate Abilities, Weirdness & Mutations

You are immune to sickness and miasma.
Your stone body is resilient. (AC +8)
You are immune to poison.
You resist negative energy. (rN+)
You are resistant to electric shocks. (rElec)
You are resistant to unholy torment.
You are immune to petrification.


Message History

The elephant trunk-slaps you but does no damage.
The elephant closely misses you.
The elephant trunk-slaps you but does no damage.
The elephant tramples you.
You hold your ground!
The elephant trunk-slaps you but does no damage.
Unknown command.
Casting: Stone Arrow (safe; 1% risk of failure)
Confirm with . or Enter, or press ? or * to list all spells.
Aiming: Stone Arrow (safe; 1% risk of failure)
Press: ? - help, Shift-Dir - straight line, f/p - elephant
Aim: an elephant (moderately wounded, 100% to hit)
The stone arrow hits the elephant!!
The elephant is severely wounded.
The cane toad croaks.
The elephant closely misses you.
The elephant trunk-slaps you but does no damage.
The elephant tramples you.
You hold your ground!
The elephant trunk-slaps you but does no damage.
The elephant tramples you but does no damage.
The elephant trunk-slaps you but does no damage.
The elephant tramples you!
You hold your ground!
The elephant barely misses you.
Unknown command.
The elephant attacks as you move away! The elephant barely misses you. x2
The elephant tramples you!
* * * LOW HITPOINT WARNING * * *
You hold your ground!
The elephant misses you. The elephant completely misses you. x2
The elephant attacks as you move away! The elephant tramples you!
* * * LOW HITPOINT WARNING * * *
The elephant trunk-slaps you but does no damage.
The elephant completely misses you. x2
The elephant attacks as you move away! The elephant barely misses you.
The elephant closely misses you. The elephant attacks as you move away!
The elephant tramples you.
* * * LOW HITPOINT WARNING * * *
The elephant misses you.
As you read the scroll of summoning, it crumbles to dust.
Wisps of shadow whirl around you... The elephant tramples you!
You die...

##......<...........
#...................
#.....>....)..[.....
##P..................
#....................
##...................
##..................
#####..................
#P.###...#Y@.F..............
.......FYYY.Fk..............
..........l.....^...........
P...........................
............................
............................
............................
............................
............................


You could see 4 elephants, a cane toad, a friendly cane toad (summoned), a
friendly rime drake (summoned), a friendly wyvern (summoned) and a friendly
bullfrog (summoned).

Vanquished Creatures
  Harold (Lair:1)
  A boulder beetle (D:8)
  4 elephants
  Joseph (D:7)
  3 cane toads (Lair:1)
  A komodo dragon (Lair:1)
  2 polar bears
  Prince Ribbit (D:7)
  3 steam dragons
  8 yaks
  3 basilisks
  An acid dragon (D:8)
  5 water moccasins
  4 sky beasts
  An orc warrior (D:8)
  3 ice beasts
  5 black bears
  An ogre (D:6)
  2 phantoms
  A kobold brigand (D:6)
  8 bullfrogs
  2 gnoll sergeants
  5 scorpions
  2 howler monkeys
  An electric eel (D:8)
  2 wyvern simulacra (D:8)
  3 orc priests (D:7)
  5 hounds
  A sleepcap (D:5)
  5 iguanas
  7 orc wizards
  A centaur simulacrum (D:8)
  22 gnolls
  7 adders
  A shadow imp (D:6)
  5 white imps
  6 ufetubi
  A worm (D:3)
  3 dart slugs
  31 orcs
  8 ball pythons
  10 endoplasms
  3 giant cockroaches
  8 hobgoblins
  7 jackals
  20 kobolds
  4 quokkas
  5 bats
  4 frilled lizards
  10 goblins
  3 rats
251 creatures vanquished.

Vanquished Creatures (others)
  2 fulminant prisms (Lair:2)
  5 fungi
  65 plants
72 creatures vanquished.

Grand Total: 323 creatures vanquished

Notes
Turn   | Place    | Note
-------+----------+-------------------------------------------
     0 | D:1      | ders the Gargoyle Earth Elementalist began the quest for
                  | the Orb.
     0 | D:1      | Reached XP level 1. HP: 10/10 MP: 3/3
   243 | D:1      | Reached XP level 2. HP: 15/15 MP: 0/5
   386 | D:1      | Found a faded altar of an unknown god.
   524 | D:1      | Reached XP level 3. HP: 19/19 MP: 3/6
   676 | D:1      | Found Wehuk's Antique Weapon Boutique.
  1071 | D:2      | Found Luzeil's Antique Weapon Emporium.
  1356 | D:2      | Reached XP level 4. HP: 24/24 MP: 6/8
  1624 | D:2      | Reached skill level 5 in Earth Magic
  2054 | D:3      | Reached XP level 5. HP: 25/28 MP: 1/10
  2363 | D:3      | Learned a level 3 spell: Stone Arrow
  2606 | D:3      | Reached XP level 6. HP: 30/32 MP: 9/12
  3486 | D:4      | Noticed a black bear
  3489 | D:4      | Killed a black bear
  3490 | D:4      | Reached XP level 7. HP: 35/36 MP: 5/14
  4072 | D:4      | Reached skill level 5 in Spellcasting
  4253 | D:5      | Entered Level 5 of the Dungeon
  4538 | D:5      | Reached skill level 1 in Conjurations
  4819 | D:5      | Found a staircase to the Ecumenical Temple.
  4855 | Temple   | Entered the Ecumenical Temple
  5006 | Temple   | Became a worshipper of Vehumet
  5691 | D:6      | Reached XP level 8. HP: 30/41 MP: 13/16
  6181 | D:6      | Reached * piety under Vehumet
  6181 | D:6      | Offered knowledge of Magic Dart by Vehumet.
  6327 | D:6      | Reached skill level 5 in Conjurations
  6660 | D:6      | Reached XP level 9. HP: 45/45 MP: 3/18
  7122 | D:7      | Offered knowledge of Foxfire by Vehumet.
  7128 | D:7      | Noticed Prince Ribbit
  7216 | D:7      | Reached ** piety under Vehumet
  7218 | D:7      | Killed Prince Ribbit
  7769 | D:7      | Noticed Joseph
  7770 | D:7      | Found an ornate altar of the Wu Jian Council.
  7773 | D:7      | Killed Joseph
  7774 | D:7      | Reached skill level 10 in Earth Magic
  7774 | D:7      | Reached XP level 10. HP: 49/50 MP: 14/21
  8502 | D:8      | Offered knowledge of Frozen Ramparts by Vehumet.
  8509 | D:8      | Reached skill level 10 in Conjurations
  8749 | D:8      | Found a stormy altar of Qazlal.
  8769 | D:8      | Reached *** piety under Vehumet
  9078 | D:8      | Found a staircase to the Lair.
  9379 | Lair:1   | Entered Level 1 of the Lair of Beasts
  9386 | Lair:1   | Learned a level 3 spell: Frozen Ramparts
  9438 | Lair:1   | Noticed a cane toad
  9444 | Lair:1   | Killed a cane toad
  9516 | Lair:1   | Noticed a cane toad
  9521 | Lair:1   | Killed a cane toad
  9727 | Lair:1   | Identified the +3 leather armour "Ceogirho" {+Inv rCorr}
  9896 | Lair:1   | Noticed an elephant
  9897 | Lair:1   | Noticed an elephant
  9901 | Lair:1   | Noticed an elephant
  9903 | Lair:1   | Noticed a boulder beetle
  9904 | Lair:1   | Killed an elephant
  9904 | Lair:1   | Noticed an elephant
  9905 | Lair:1   | Reached XP level 11. HP: 38/54 MP: 3/23
 10270 | Lair:1   | Noticed Harold
 10280 | Lair:1   | Killed Harold
 10546 | D:8      | Killed a boulder beetle
 10982 | D:8      | Offered knowledge of Fulminant Prism by Vehumet.
 10988 | D:8      | Learned a level 4 spell: Fulminant Prism
 11590 | Lair:2   | Slain by an elephant

Illustrated notes

Levels and vault maps discovered:
D:1:      dpeg_arrival_boxorama, layout_basic, basic_ecumenical_altar,
          serial_shops, shop, minmay_split_cup_large
D:2:      layout_basic, serial_shops, nicolae_shop_hallway_stairs,
          chequers_serial_rivers_micro_a
D:3:      layout_loops_ring, serial_bayou, serial_bayou_lagoon_a,
          serial_bayou_pond_c, serial_bayou_shore_b, serial_bayou_shore_a,
          serial_bayou_shore_b, serial_bayou_pond_d, kennysheep_minor_cross
D:4:      corexii_shack_village, layout_basic
D:5:      layout_basic, minmay_temple_entry_large_hall
D:6:      layout_rooms, minmay_joined_circles
D:7:      layout_rooms, nzn_wu_jian_contemplation, st_stairs_6,
          uniq_prince_ribbit1, uniq_joseph
D:8:      layout_cave_pools, overflow_temple_1_default,
          grunt_lair_entry_orc_guard_hut, serial_ice, serial_ice_o,
          serial_ice_k, serial_ice_b, serial_ice_n
Temple:   nicolae_temple_bog_church
Lair:1:   layout_regular_city, grunt_megastairs_2, uniq_harold
Lair:2:   layout_long_grid, lemuel_fruit_fields

Skill      XL: |  1  2  3  4  5  6  7  8  9 10 11 |
---------------+----------------------------------+-----
Earth Magic    | 4 5 6 7 8 10 11 12 | 12.2
Spellcasting   | 3 4 5 6 7 8 9 |  9.2
Conjurations   | 3 6 9 11 12 | 12.8
Dodging        | |  1.5
Stealth        | |  2.1
Transmutations | |  0.7

Action                     |  1- 3 |  4- 6 |  7- 9 | 10-12 || total
---------------------------+-------+-------+-------+-------++-------
  Melee: Spear             |     6 |    14 |    12 |     8 ||    40
         Punch             |       |       |       |     1 ||     1
   Cast: Sandblast         |    51 |    90 |    94 |    25 ||   260
         Stone Arrow       |       |     2 |    78 |   139 ||   219
         Frozen Ramparts   |       |       |       |     3 ||     3
         Fulminant Prism   |       |       |       |     2 ||     2
    Use: Scroll            |       |       |    11 |     9 ||    20
         Potion            |       |       |     3 |     1 ||     4
   Stab: Sleeping          |       |       |     3 |       ||     3
 Armour: Robe              |     3 |    29 |    39 |    71 ||   142
  Dodge: Dodged            |    12 |    38 |    60 |    97 ||   207

Table legend: (Time is in decaauts)
 A = Elapsed time spent in this place.
 B = Non-inter-level travel time spent in this place.
 C = Inter-level travel time spent in this place.
 D = Time resting spent in this place.
 E = Time spent auto-exploring this place.
 F = Levels seen in this place.
 G = Mean time per level.
                   A        B        C        D        E       F      G
               +--------+--------+--------+--------+--------+-----+--------+
         Total |  11758 |  11301 |    457 |   1286 |   8595 |  11 | 1068.9 |
       Dungeon |  10085 |   9702 |    383 |   1181 |   7354 |   8 | 1260.6 |
        Temple |    175 |    143 |     32 |      0 |    124 |   1 |  175.0 |
          Lair |   1497 |   1455 |     42 |    105 |   1117 |   2 |  748.5 |
               +--------+--------+--------+--------+--------+-----+--------+

Top non-repeatable levels by time:
     D:8: 1778 daAuts
     D:6: 1475 daAuts
  Lair:1: 1392 daAuts
     D:5: 1294 daAuts
     D:3: 1201 daAuts
     D:7: 1181 daAuts
     D:4: 1115 daAuts
     D:1: 1089 daAuts
     D:2: 948 daAuts
  Temple: 175 daAuts
  Lair:2: 105 daAuts
